 Seeded DCSS version 0.29-a0-8-g0446c0dae4 (webtiles) character file.

Game seed: 18034371322628028886 (custom seed)

700 innerfire433 the Firebug (level 7, -3/50 HPs)
             Began as a Pale Draconian Fire Elementalist on Jan 27, 2022.
             Was a Plaything of Xom.
             Killed from afar by Blork the orc (6 damage)
             ... with a puff of frost
             ... on level 4 of the Dungeon.
             The game lasted 00:14:25 (4358 turns).

innerfire433 the Firebug (DrFE)                     Turns: 4358, Time: 00:14:25

Health: -3/50      AC:  9    Str: 11 (12) XL:     7   Next: 38%
Magic:  3/11       EV: 12    Int: 15      God:    Xom [...*..]
Gold:   103        SH:  0    Dex: 12      Spells: 6/12 levels left

rFire   + . .      SeeInvis .   d - staff of conjuration
rCold   . . .      Faith    .   (no shield)
rNeg    . . .      Spirit   .   (armour unavailable)
rPois   +          Reflect  .   (helmet restricted)
rElec   .          Harm     .   b - +2 cloak
rCorr   .          Rampage  .   (no gloves)
Will    .....                   (no boots)
Stlth   ++........              (no amulet)
HPRegen 0.16/turn               h - ring of poison resistance
MPRegen 0.12/turn               f - ring of protection from fire

@: mighty
A: breathe steam, AC +6, unfitting armour, cold-blooded, steam resistance
a: Breathe Steam, Renounce Religion


You were on level 4 of the Dungeon.
You worshipped Xom.
You were a favourite toy of Xom.
You visited 1 branch of the dungeon, and saw 4 of its levels.

You collected 103 gold pieces.

Inventory:

Hand Weapons
 a - a +2 quarterstaff of chaos
 c - a +0 vampiric long sword
Armour
 b - a +2 cloak (worn)
Magical Staves
 d - a staff of conjuration (weapon)
Jewellery
 f - a ring of protection from fire (right hand)
 h - a ring of poison resistance (left hand)
Scrolls
 g - a scroll of identify
 i - a scroll of teleportation
Potions
 e - 2 potions of cancellation
 k - a potion of heal wounds {unknown}
Miscellaneous
 l - a box of beasts (inert)


   Skills:
 * Level 3.7 Staves
 - Level 1.8 Dodging
 - Level 1.8 Stealth
 + Level 3.1 Spellcasting
 * Level 4.1 Conjurations
 + Level 4.6 Fire Magic
 * Level 4.1 Evocations


You had 6 spell levels left.
You knew the following spells:

 Your Spells              Type           Power      Damage    Failure   Level
a - Foxfire               Conj/Fire      92%        2x1d8     3%          1
b - Conjure Flame         Conj/Fire      23%        6-21      10%         3
c - Scorch                Fire           32%        2d7       4%          2

Your spell library contained the following spells:

 Spells                   Type           Power      Damage    Failure   Level
 Static Discharge         Conj/Air       12%        N/A       13%         2
 Slow                     Hex            8%         N/A       21%         1
 Inner Flame              Hex/Fire       9%         N/A       22%         3
 Flame Wave               Conj/Fire      23%        2d7       32%         4
 Confusing Touch          Hex            2%         N/A       52%         3
 Vampiric Draining        Necr           2%         2d6       52%         3
 Hailstorm                Conj/Ice       12%        3d5       63%         4
 Ice Form                 Ice/Tmut       2%         N/A       89%         4
 Lightning Bolt           Conj/Air       6%         1d18      93%         5
 Simulacrum               Ice/Necr       1%         N/A       100%        6
 Summon Cactus Giant      Summ           1%         N/A       100%        6
 Maxwell's Capacitive Co  Air            1%         ∞         100%        8


Dungeon Overview and Level Annotations

Branches:
Dungeon (4/15)
 Temple: D:4-7

Altars:
Xom

Shops:
D:2 (

Annotations:
D:4 Blork the orc


Innate Abilities, Weirdness & Mutations

You can breathe blasts of scalding, opaque steam.
Your pale cyan-grey scales are hard. (AC +6)
You cannot fit into any form of body armour.
You are cold-blooded and may be slowed by cold attacks.
You are immune to the effects of steam.


Message History

The orc hits you with a +0 hand axe.
* * * LOW HITPOINT WARNING * * *
You miss something. Something hits you but does no damage.
Blork the orc gestures at you while chanting.
The magic dart hits you but does no damage.
The orc hits you but does no damage. Something hits you but does no damage.
You miss something.
Your tail-slap misses something.
Blork the orc closely misses you. The orc closely misses you.
Something hits you but does no damage.
You hit something.
You blast something.
Reactivating autopickup.
You feel a bit more experienced. Blork the orc hits you with a +0 mace!
* * * LOW HITPOINT WARNING * * *
The orc hits you with a +0 hand axe.
* * * LOW HITPOINT WARNING * * *
You feel your strength returning.
It was a potion of might.
You feel very mighty all of a sudden.
Xom thinks this is hilarious!
The orc barely misses you.
You hit the orc!
You blast the orc.
You kill the orc!
Blork the orc completely misses you. The orc misses you.
Blork the orc hits you with a +0 mace.
* * * LOW HITPOINT WARNING * * *
You see here a +0 hand axe.
You see here a jackal corpse.
Xom momentarily opens a gate.
Things that are here:
a +0 falchion; an orc corpse You swap places.
Blork the orc barely misses your ufetubus.
Your ufetubus closely misses Blork the orc.
Your ufetubus hits Blork the orc.
Things that are here:
a +0 giant spiked club; a jackal corpse Your ufetubus hits Blork the orc. x2
Blork the orc points at you and mumbles some strange words.
The puff of frost misses your ufetubus. The puff of frost hits you.
You die...

#########
#########.......#
.......##.#####.###
..........# #...@5#
######.######.###)#####
# #.# #...# #5....# #
#.# #._.###o###<# # #.#
#._...)o# # #.#
#..##)#.# # #.# #..
#.#.# # #.. .... ...._
######..##...##


You could see Blork the orc (fast, slow, ally target), an orc, a friendly
crimson imp (summoned) and a friendly ufetubus (summoned).

Vanquished Creatures
  Sigmund (D:3)
  An ogre (D:4)
  A bullfrog (D:4)
  A scorpion (D:2)
  The ghost of sasquatch the Cudgeller, a weakling OgBe of Trog (D:3)
  A hound (D:3)
  Crazy Yiuf (D:3)
  An orc wizard (D:4)
  Natasha (twice) (D:3)
  An iguana (D:4)
  4 adders
  A gnoll (D:1)
  5 dart slugs
  3 orcs (D:4)
  5 endoplasms
  4 giant cockroaches
  6 hobgoblins
  3 jackals (D:4)
  7 ball pythons
  6 bats
  4 frilled lizards
  8 goblins
  6 kobolds
  4 rats
77 creatures vanquished.

Vanquished Creatures (collateral kills)
  A foxfire (D:1)
1 creature vanquished.

Vanquished Creatures (others)
  159 foxfires
  3 plants
  2 withered plants (D:3)
164 creatures vanquished.

Grand Total: 242 creatures vanquished

Notes
Turn   | Place    | Note
-------+----------+-------------------------------------------
     0 | D:1      | innerfire433 the Draconian Fire Elementalist began the
                  | quest for the Orb.
     0 | D:1      | Reached XP level 1. HP: 14/14 MP: 3/3
   248 | D:1      | Reached XP level 2. HP: 20/20 MP: 3/5
   333 | D:1      | Found a faded altar of an unknown god.
   346 | D:1      | Prayed at the altar of an unknown god.
   346 | D:1      | Became a worshipper of Xom of Chaos
   839 | D:1      | XOM: smoke on damage
   845 | D:1      | Reached XP level 3. HP: 18/26 MP: 2/6
  1079 | D:1      | XOM: divination: detect items
  1223 | D:2      | Reached skill level 1 in Staves
  1223 | D:2      | Reached skill level 1 in Evocations
  1243 | D:2      | XOM: smoke on damage
  1309 | D:2      | Reached XP level 4. HP: 18/33 MP: 0/7
  1516 | D:2      | XOM: silly message
  1550 | D:2      | Noticed a scorpion
  1563 | D:2      | Killed a scorpion
  1820 | D:2      | Found Edugic's Weapon Shop.
  1939 | D:2      | Reached XP level 5. HP: 38/38 MP: 6/8
  2260 | D:3      | Noticed Natasha
  2267 | D:3      | XOM: cast spell 'Metabolic Englaciation'
  2268 | D:3      | Killed Natasha
  2458 | D:3      | Learned a level 3 spell: Conjure Flame
  2472 | D:3      | Noticed Sigmund
  2485 | D:3      | Killed Sigmund
  2486 | D:3      | Reached XP level 6. HP: 45/45 MP: 3/10
  2629 | D:3      | XOM: god gift: book of the Tundra
  2681 | D:3      | Found a runed translucent door.
  2908 | D:3      | Found a runed translucent door.
  2909 | D:3      | Noticed Crazy Yiuf
  2958 | D:3      | Noticed Natasha
  2964 | D:3      | Killed Natasha
  3030 | D:3      | Noticed sasquatch's ghost (weakling OgBe)
  3045 | D:3      | XOM: god gift: yellow potion {god gift}
  3073 | D:3      | XOM: god gift: box of beasts
  3374 | D:3      | Killed sasquatch's ghost
  3383 | D:3      | Learned a level 2 spell: Scorch
  3480 | D:3      | Killed Crazy Yiuf
  4080 | D:4      | Your scales start taking on a pale cyan-grey colour.
  4080 | D:4      | Reached XP level 7. HP: 41/50 MP: 6/11
  4080 | D:4      | Gained mutation: You are immune to the effects of steam.
                  | [Pale Draconian growth]
  4299 | D:4      | XOM: scenery: create altars
  4315 | D:4      | XOM: confuse monster(s)
  4325 | D:4      | Noticed Blork the orc
  4344 | D:4      | XOM: enchant monster (good)
  4354 | D:4      | HP: 2/50 [Blork the orc (3)]
  4356 | D:4      | XOM: summons 2 friendly demons
  4358 | D:4      | Killed from afar by Blork the orc

Illustrated notes

Levels and vault maps discovered:
D:1:      dpeg_arrival_snail, layout_rooms,
          shapermc_ecumenical_altar_mp_ritualfount
D:2:      layout_basic, serial_shops, shop
D:3:      layout_basic, gammafunk_ghost_grave, minmay_misc_feat_tiny,
          uniq_natasha, uniq_sigmund, uniq_crazy_yiuf_cottage
D:4:      layout_loops_ring, temple_green, guppyfry_early_lair_pool,
          uniq_blork_the_orc

Skill      XL: |  1  2  3  4  5  6  7 |
---------------+----------------------+-----
Conjurations   | 2 3 4 |  4.1
Staves         | 1 2 3 |  3.7
Evocations     | 1 2 3 4 |  4.1
Spellcasting   | 3 |  3.1
Fire Magic     | 4 |  4.6
Dodging        | |  1.8
Stealth        | |  1.8

Action                   |  1- 3 |  4- 6 |  7- 9 || total
-------------------------+-------+-------+-------++-------
Melee: Unarmed           |     6 |       |       ||     6
       Tailslap          |     9 |     8 |     4 ||    21
       Staff             |    59 |    40 |    26 ||   125
       Punch             |     1 |     1 |       ||     2
 Cast: Foxfire           |    41 |    61 |       ||   102
       Conjure Flame     |       |       |     7 ||     7
Evoke: Box of beasts     |       |     1 |       ||     1
  Use: Potion            |     2 |     4 |     1 ||     7
       Scroll            |       |     6 |       ||     6
 Stab: Confused          |       |       |     5 ||     5
Armor: Skin              |    30 |    22 |    18 ||    70
Dodge: Dodged            |    70 |    65 |    29 ||   164

Table legend: (Time is in decaauts)
 A = Elapsed time spent in this place.
 B = Non-inter-level travel time spent in this place.
 C = Inter-level travel time spent in this place.
 D = Time resting spent in this place.
 E = Time spent auto-exploring this place.
 F = Levels seen in this place.
 G = Mean time per level.
                   A        B        C        D        E       F      G
               +--------+--------+--------+--------+--------+-----+--------+
         Total |   4375 |   4205 |    170 |      0 |   3364 |   4 | 1093.8 |
       Dungeon |   4375 |   4205 |    170 |      0 |   3364 |   4 | 1093.8 |
               +--------+--------+--------+--------+--------+-----+--------+

Top non-repeatable levels by time:
     D:3: 1849 daAuts
     D:1: 1140 daAuts
     D:2: 1077 daAuts
     D:4: 307 daAuts
